 Dungeon Crawl Stone Soup version 0.31-a0-229-g1fc7ce93e2 (webtiles) character file.

Game seed: 16314880262278456296

122 qw the Shooter (level 4, -3/36 HPs)
             Began as a Minotaur Hexslinger on July 6, 2023.
             Slain by Grinder (6 damage)
             ... while paralysed by Grinder
             ... on level 2 of the Dungeon.
             The game lasted 00:00:42 (1769 turns).

qw the Shooter (Minotaur Hexslinger)                Turns: 1769, Time: 00:00:42

Health: -3/36      AC:  5    Str: 13    XL:     4   Next: 78%
Magic:  4/4        EV:  2    Int: 10    God:
Gold:   104        SH:  0    Dex: 14    Spells: 4/5 levels left

rFire   . . .        Y - +1 sling (elec)
rCold   . . .        (no shield)
rNeg    . . .        h - +0 ring mail
rPois   .            (helmet restricted)
rElec   .            (no cloak)
rCorr   .            (no gloves)
SInv    .            (no boots)
Will    .....        (no amulet)
Stlth   +            (no ring)
HPRegen 0.26/turn    (no ring)
MPRegen 0.09/turn

%: no passive effects
@: paralysed, about to teleport
A: horns 2, retaliatory headbutt
a: no special abilities


You were on level 2 of the Dungeon.
You visited 1 branch of the dungeon, and saw 3 of its levels.

You collected 104 gold pieces.


Innate Abilities, Weirdness & Mutations

You have a pair of horns on your head.
You reflexively headbutt those who attack you in melee.


   Skills:
 - Level 2.0 Fighting
 + Level 4.9 Ranged Weapons
 - Level 1.9 Armour
 - Level 2.1 Dodging
 - Level 1.0 Spellcasting
 - Level 2.0 Hexes


You had 4 spell levels left.
You knew the following spells:

 Your Spells              Type           Power      Damage    Failure   Level
a - Slow                  Hex            16%        N/A       32%         1

Your spell library contained the following spells:

 Spells                   Type           Power      Damage    Failure   Level
 Inner Flame              Hex/Fire       2%         N/A       82%         3
 Portal Projectile        Hex/Tloc       4%         N/A       82%         3
 Cause Fear               Hex            2%         N/A       97%         4

Inventory:

Hand Weapons
 Y - a +1 sling of electrocution (weapon)
Armour
 h - a +0 ring mail (worn)
Scrolls
 e - a scroll of identify
Potions
 b - a potion of resistance {unknown}
 d - a potion of might {unknown}
 i - a potion of degeneration {unknown}

Dungeon Overview and Level Annotations

Branches:
Dungeon (3/15)

Altars:

Shops:
D:1 (

Annotations:
D:2 Grinder


Message History

An orc wizard comes into view. It is wielding a +0 dagger.
Grinder blinks!
You shoot a sling bullet.
The sling bullet closely misses the orc wizard.
You shoot a sling bullet.
The sling bullet hits the orc wizard but does no damage.
An orc comes into view. It is wielding a +0 short sword.
You shoot a sling bullet. The sling bullet hits Grinder!
Grinder is moderately wounded.
Grinder barely misses you.
You shoot a sling bullet. The sling bullet hits Grinder.
Grinder is moderately wounded.
Grinder hits you.
You writhe in agony.
1763 ||| STAIRDANCE Grinder barely misses you.
You climb upwards.
There is a stone staircase leading down here.
Enter note:
Enter note:
Enter note:
Enter note:
Enter note:
Enter note: You shoot a sling bullet.
The sling bullet closely misses Grinder.
Grinder gestures at you. Pain shoots through your body!
You shoot a sling bullet. The sling bullet hits Grinder.
Grinder is moderately wounded.
Grinder hits you!
You shoot a sling bullet. The sling bullet hits Grinder.
Grinder is moderately wounded.
Grinder hits you but does no damage. Grinder hits you!
1768 ||| READING scroll of teleportation.
As you read the scroll of teleportation, it crumbles to dust.
You feel strangely unstable. Grinder gestures at you.
You suddenly lose the ability to move!
Grinder hits you.
You writhe in agony.
You die...

####...### #.# #.# .........#
#.# #.# .###...#.# #.# #.#
.####.##.####### #.# #.#
......##.......# #<# #.#
##############.#########.#####.#
# #.........%.......# ######
###########.####### .....#
#.5@........#
.###.#########.########### ##
##.##......#.# # #....#####.##
## ##.#### ### .###.## #....#
##.#.# ##.#.#


You could see Grinder.

Vanquished Creatures
  Jessica (D:2)
  Natasha (D:2)
  Robin (D:1)
  An adder (D:2)
  A worm (D:2)
  2 orcs
  5 ball pythons
  2 endoplasms (D:1)
  12 goblins
  4 hobgoblins
  4 kobolds
  4 quokkas
  3 bats
  3 rats
44 creatures vanquished.

Notes
Turn   | Place    | Note
-------+----------+-------------------------------------------
     0 | D:1      | qw the Minotaur Hexslinger began the quest for the Orb.
     0 | D:1      | Reached XP level 1. HP: 16/16 MP: 1/1
     0 | D:1      | 0 ||| qw: Version: 0.3-a-46-gb1f654a
     0 | D:1      | 0 ||| qw: Game counter: 1473
     0 | D:1      | 0 ||| qw: Melee chars always use a shield: true
     0 | D:1      | 0 ||| qw: God list: Okawaru
     0 | D:1      | 0 ||| qw: Allow faded altars: false
     0 | D:1      | 0 ||| qw: Do Orc after clearing Dungeon:15 true
     0 | D:1      | 0 ||| qw: Do second Lair branch before Depths: true
     0 | D:1      | 0 ||| qw: Lair rune preference: random
     0 | D:1      | 0 ||| qw: Goals: Normal
     0 | D:1      | 0 ||| PLANNING D:1-11
   178 | D:1      | Reached skill level 3 in Ranged Weapons
   232 | D:1      | Reached XP level 2. HP: 23/23 MP: 2/2
   403 | D:1      | Found Boul Rio's Weapon Shop.
   775 | D:1      | 775 ||| UPGRADING to +0 ring mail.
   785 | D:1      | 785 ||| DROPPING +0 robe.
   786 | D:1      | 786 ||| READING scroll labelled QYQYIDW ABUO.
   790 | D:1      | 790 ||| READING 2 scrolls labelled NOYZXIB IZAP.
   791 | D:1      | 791 ||| READING scroll labelled CAIROW EXIXT.
   834 | D:1      | 834 ||| READING scroll labelled HUNON HUFEMO.
   835 | D:1      | 835 ||| READING scroll labelled QEJ ME UTYO.
   836 | D:1      | 836 ||| READING 3 scrolls labelled LIUTSU LOH SUOSA.
   837 | D:1      | 837 ||| DROPPING scroll of poison.
   838 | D:1      | 838 ||| DROPPING 2 scrolls of amnesia.
  1012 | D:2      | Reached XP level 3. HP: 29/29 MP: 3/3
  1019 | D:2      | 1019 ||| FLEEEEING.
  1020 | D:2      | 1020 ||| FLEEEEING.
  1021 | D:2      | 1021 ||| FLEEEEING.
  1022 | D:2      | 1022 ||| FLEEEEING.
  1030 | D:2      | 1030 ||| FLEEEEING.
  1082 | D:2      | Noticed Natasha
  1083 | D:2      | Noticed Robin
  1084 | D:2      | 1084 ||| Stepping ~*~*~tactically~*~*~ (outnumbered).
  1093 | D:2      | HP: 4/29 [Natasha (8)]
  1094 | D:2      | Killed Natasha
  1095 | D:2      | Reached skill level 4 in Ranged Weapons
  1099 | D:2      | Noticed Jessica
  1100 | D:2      | 1100 ||| FLEEEEING.
  1101 | D:2      | 1101 ||| FLEEEEING.
  1112 | D:2      | 1112 ||| FLEEEEING.
  1114 | D:2      | 1114 ||| FLEEEEING.
  1115 | D:2      | 1115 ||| FLEEEEING.
  1116 | D:2      | 1116 ||| STAIRDANCE
  1193 | D:1      | 1193 ||| READING scroll labelled GOYTETHR YHIS.
  1194 | D:1      | 1194 ||| READING 2 scrolls of identify.
  1194 | D:1      | 1194 ||| IDENTIFYING smoky dark potion
  1195 | D:1      | 1195 ||| DROPPING potion of lignification.
  1204 | D:2      | Killed Jessica
  1205 | D:2      | Reached skill level 1 in Armour
  1205 | D:2      | Reached XP level 4. HP: 36/36 MP: 4/4
  1218 | D:2      | 1218 ||| STAIRDANCE
  1223 | D:1      | Killed Robin
  1246 | D:2      | 1246 ||| STAIRDANCE
  1724 | D:2      | 1724 ||| DROPPING ring of wizardry.
  1756 | D:3      | Noticed Grinder
  1763 | D:3      | 1763 ||| STAIRDANCE
  1767 | D:2      | HP: 4/36 [Grinder (8)]
  1768 | D:2      | 1768 ||| READING scroll of teleportation.
  1768 | D:2      | Paralysed by Grinder for 3 turns
  1769 | D:2      | Slain by Grinder

Levels and vault maps discovered:
D:1:      dpeg_arrival_rhombus, layout_basic, serial_shops, shop
D:2:      layout_loops_ring, uniq_robin, uniq_jessica, uniq_natasha
D:3:      layout_basic, uniq_grinder

Skill      XL: |  1  2  3 |
---------------+----------+-----
Ranged Weapons | 3 4 |  4.9
Fighting       | 2 |  2.0
Armour         | 1 |  1.9
Dodging        | |  2.1
Spellcasting   | |  1.0
Hexes          | |  2.0

Action                     |  1- 3 |  4- 6 || total
---------------------------+-------+-------++-------
   Fire: Sling             |    95 |    41 ||   136
    Use: Scroll            |     8 |     1 ||     9
 Armour: Robe              |     7 |       ||     7
         Ring mail         |    12 |     6 ||    18
  Dodge: Dodged            |    23 |    13 ||    36

Table legend:
 A = Non-vault XP
 B = Vault XP
 C = Vault XP percentage of total XP
 D = Non-vault monster count
 E = Vault monster count
 F = Vault count percentage of total count
                 A         B        C        D         E       F
            +---------+---------+-------+---------+---------+-------
      Total |      64 |     111 |  63.4 |      29 |      15 |  34.1
            +---------+---------+-------+---------+---------+-------
        D:1 |      22 |      19 |  46.3 |      13 |       3 |  18.8
        D:2 |      39 |      92 |  70.2 |      15 |      12 |  44.4
        D:3 |       3 |       0 |   0.0 |       1 |       0 |   0.0
            +---------+---------+-------+---------+---------+-------
